[Event "*** Titled Tuesday Blitz"]
[Site "Chess.com"]
[Date "2020.05.19"]
[Round "3"]
[White "MateSchmate"]
[Black "12teen"]
[Result "1-0"]
[WhiteElo "2531"]
[BlackElo "2738"]
[TimeControl "180+1"]
[EndTime "12:28:08 PDT"]
[Termination "MateSchmate won by resignation"]

1. e4 a6 2. d4 b5 3. a4 Bb7 4. axb5 axb5 5. Rxa8 Bxa8 6. f3 b4 7. Nd2 e6 8. c4 bxc3 9. bxc3 Nf6 10. Bd3 d5 11. e5 Nfd7 12. f4 c5 13. Ne2 g6 14.
Nf3 Nc6 15. Be3 Qb6 16. O-O Bb7 17. g4 h5 18. h3 hxg4 19. hxg4 Ba6 20. Kg2 Bxd3 21.
Qxd3 c4 22. Qb1 Qxb1 23. Rxb1 Be7 24. Ng3 Kd8 25. f5 gxf5 26. gxf5 exf5 27. Nxf5 Rg8+ 28. Kf2 Kc7 29. Bf4 Kc8 30. Rb5 Nf8 31. Rb6 Rg6 32.
Rxc6+ Rxc6 33. Nxe7+ Kd7 34. Nxc6 Kxc6 35. Ng5 Ng6 36.
Kg3 Kb5 37. Nxf7 Ka4 38. e6 Kb3 39. Bd2 Kc2 40. Be1 Kd1 41. Ne5 Ne7 42. Kf2 Nf5 43. Ng6 Nd6 44. e7 Ne4+ 45. Ke3 Nd6 46. Bg3 Nf5+ 47. Kf4 Ng7 48. Ke5 Kd2 49. Kf6 Nh5+ 50.
Kf7 Nxg3 51. e8=Q Ne4 52. Qe5 Nxc3 53. Nf4 Kc2 54. Nxd5 1-0

[Event "*** Titled Tuesday Blitz"]
[Site "Chess.com"]
[Date "2020.05.19"]
[Round "3"]
[White "FedaMaster"]
[Black "Enriquack"]
[Result "1-0"]
[WhiteElo "2533"]
[BlackElo "2304"]
[TimeControl "180+1"]
[EndTime "12:28:08 PDT"]
[Termination "FedaMaster won by resignation"]

1. e4 c5 2. d4 cxd4 3. c3 dxc3 4.
Nxc3 e6 5. Nf3 Nc6 6. Bc4 a6 7. O-O b5 8. Bb3 Na5 9. Bg5 Ne7 10. e5 h6 11. Ne4 Nb7 12. Bf6 Qb6 13. Rc1 Nc6 14.
Bh4 Be7 15. Bg3 O-O 16. Qd2 Nc5 17. Nf6+ gxf6 18. Qxh6 Nxb3 19. exf6 Bxf6 20. Ng5 Bxg5 21. Qxg5+ Kh8 22. Qh5+ Kg8 23. Qg5+ Kh8 24. Rc3 f6 25. Be5 1-0

[Event "*** Titled Tuesday Blitz"]
[Site "Chess.com"]
[Date "2020.05.19"]
[Round "3"]
[White "Godzillator"]
[Black "BillieKimbah"]
[Result "0-1"]
[WhiteElo "2457"]
[BlackElo "2850"]
[TimeControl "180+1"]
[EndTime "12:28:09 PDT"]
[Termination "BillieKimbah won by resignation"]

1. d4 Nf6 2. c4 g6 3. Nc3 d5 4.
Nf3 Bg7 5. cxd5 Nxd5 6. Qb3 Nxc3 7. bxc3 O-O 8. e3 c5 9. Be2 Nc6 10. O-O b6 11. Ba3 Na5 12. Qc2 Bf5 13. e4 Bg4 14.
dxc5 Qc7 15. Rab1 Rfc8 16. Ba6 Rd8 17. Nd4 bxc5 18. Nb3 c4 19. Nc5 Be5 20. h3 Bh5 21. g4 Bd6 22. gxh5 Bxc5 23. Bxc5 Qxc5 24. hxg6 hxg6 25.
Rb5 Qc7 26. Qa4 Nc6 27. Bb7 Ne5 28. Bxa8 Nf3+ 29. Kg2 Nh4+ 30. Kh1 Qf4 31. e5 Rxa8 32.
f3 Qd2 33. Rg1 Nxf3 34. Rxg6+ fxg6 35. Qxc4+ Kh8 0-1

[Event "*** Titled Tuesday Blitz"]
[Site "Chess.com"]
[Date "2020.05.19"]
[Round "3"]
[White "Keithonsky"]
[Black "praveenb2002"]
[Result "0-1"]
[WhiteElo "2432"]
[BlackElo "2718"]
[TimeControl "180+1"]
[EndTime "12:28:09 PDT"]
[Termination "praveenb2002 won by resignation"]

1. d4 d5 2. c4 c6 3. Nf3 Nf6 4. Qc2 dxc4 5. Qxc4 Bf5 6. Nc3 e6 7. g3 Nbd7 8. Bg2 Be7 9. O-O O-O 10. Nh4 Nb6 11.
Qb3 Qxd4 12. Nxf5 exf5 13. Be3 Qc4 14. Qc2 g6 15. b3 Qe6 16. Bxb6 axb6 17. e4 fxe4 18.
Nxe4 Nd5 19. Rfe1 Qf5 20. a4 Bb4 21. Re2 Rfe8 22. Rd1 Re7 23. h4 Rae8 24. Kh2 Qe5 25. Rd3 Qg7 26. Bf3 h6 27. Qc4 f5 28. Nc3 Bxc3 29. Rxe7 Rxe7 30. Bxd5+ cxd5 31. Qxc3 Qxc3 32. Rxc3 Rd7 33. f4 d4 34. Rd3 Kf7 35. Kg2 Ke6 36. Kf2 Kd5 37. Ke2 Ke4 38. Rd1 Rc7 39. Kd2 Kf3 40.
Kd3 Rc6 41. b4 Kxg3 42. Rg1+ Kxf4 43. Kxd4 Rd6+ 44. Kc4 g5 45. hxg5 hxg5 46. Kb5 g4 47. Rf1+ Kg5 48. a5 bxa5 49. bxa5 f4 50. Kc5 Rf6 51. Rb1 Rf7 52. Kd6 f3 53. Ke6 Rf6+ 54.
Ke7 f2 55. Rxb7 f1=Q 56. Rb5+ Kh4 57. Re5 Rf7+ 0-1

[Event "*** Titled Tuesday Blitz"]
[Site "Chess.com"]
[Date "2020.05.19"]
[Round "3"]
[White "Gajuchess"]
[Black "plumalka"]
[Result "1-0"]
[WhiteElo "2733"]
[BlackElo "2485"]
[TimeControl "180+1"]
[EndTime "12:28:11 PDT"]
[Termination "Gajuchess won by resignation"]

1. Nf3 c5 2. g3 Nc6 3. c4 e5 4. Bg2 g6 5. O-O Bg7 6. Nc3 Nge7 7. a3 O-O 8. Rb1 a5 9. Ne1 d6 10. Nc2 Be6 11. Ne3 f5 12. d3 Rb8 13. Bd2 Nd4 14.
Ned5 Nxd5 15. cxd5 Bd7 16. b4 axb4 17. axb4 b6 18.
b5 Qe8 19. Qa4 Ra8 20. Qc4 Nc2 21. Rb2 Na3 22. Qb3 e4 23. Ra1 Bxc3 24. Bxc3 Nxb5 25. Rxa8 Qxa8 26. Ra2 Qe8 27. Ba1 exd3 28. Qxd3 Qe7 29. e3 Re8 30. Qd2 Rc8 31. Qb2 Qe5 32. Qc2 Qe7 33. Bf1 Nc7 34. Qb2 Qe5 35. Qxb6 Nxd5 36. Bc4 Qe6 37. Qb2 1-0

[Event "*** Titled Tuesday Blitz"]
[Site "Chess.com"]
[Date "2020.05.19"]
[Round "3"]
[White "GMBenjaminFinegold"]
[Black "joksijoksi"]
[Result "1-0"]
[WhiteElo "2535"]
[BlackElo "2311"]
[TimeControl "180+1"]
[EndTime "12:28:12 PDT"]
[Termination "GMBenjaminFinegold won on time"]

1. d4 e6 2. e4 d5 3. e5 c5 4. c3 Nc6 5. Nf3 Bd7 6. Bd3 Rc8 7.
dxc5 Bxc5 8. O-O Nge7 9. b4 Bb6 10. Nbd2 Ng6 11. Re1 Qc7 12. Nb3 O-O 13. Qe2 Nce7 14.
Bb2 a6 15. Rad1 Ba4 16. Bb1 Nc6 17. h4 Bxb3 18. axb3 Rce8 19. Ng5 Ncxe5 20. c4 f6 21. Nxh7 Kxh7 22. Qh5+ Kg8 23. Rxe5 Bxf2+ 24. Kh1 fxe5 25.
Bxg6 Rf4 26. g4 d4 27. b5 Qc5 28. Ra1 axb5 29. Qh7+ Kf8 30. Qh8+ Ke7 31. Qxe8+ 1-0

[Event "*** Titled Tuesday Blitz"]
[Site "Chess.com"]
[Date "2020.05.19"]
[Round "3"]
[White "Rodchenkov_Vitalij"]
[Black "Konovalova_Vera"]
[Result "1-0"]
[WhiteElo "2393"]
[BlackElo "2145"]
[TimeControl "180+1"]
[EndTime "12:28:12 PDT"]
[Termination "Rodchenkov_Vitalij won by resignation"]

1. d4 Nf6 2. c4 e6 3. g3 Bb4+ 4.
Bd2 Qe7 5. Bg2 O-O 6. Nf3 c6 7. O-O b6 8. Nc3 Bb7 9. Qc2 d5 10. Rfe1 Bxc3 11. Bxc3 dxc4 12. e4 Nbd7 13. e5 Nd5 14. Bd2 h6 15. Qxc4 Rac8 16. Qe2 c5 17. Rad1 c4 18. Bc3 b5 19. Ba5 b4 20. Nd2 c3 21. Ne4 cxb2 22. Qxb2 Nc3 23. Nxc3 Bxg2 24. Bxb4 Qg5 25. Kxg2 Rfe8 26. Ne4 Qg6 27. Nd6 Rc2 28. Qb3 Rb8 29. Qa4 Nf8 30. Rc1 Rb2 31. a3 Kh7 32. Qxa7 R8xb4 33. axb4 Rxb4 34. Qxf7 Qxf7 35. Nxf7 Rxd4 36. Rcd1 Rc4 37. Rd8 Kg6 38. Rxf8 1-0

[Event "*** Titled Tuesday Blitz"]
[Site "Chess.com"]
[Date "2020.05.19"]
[Round "3"]
[White "scabies1"]
[Black "Margarita2907"]
[Result "0-1"]
[WhiteElo "2279"]
[BlackElo "2034"]
[TimeControl "180+1"]
[EndTime "12:28:12 PDT"]
[Termination "Margarita2907 won by checkmate"]

1. e4 c5 2. Nf3 d6 3. d4 cxd4 4.
Nxd4 Nf6 5. Nc3 a6 6. Bg5 Nbd7 7. f4 Qc7 8. Qf3 h6 9. Bxf6 Nxf6 10. f5 Qc5 11. O-O-O g5 12. h4 g4 13. Qe2 h5 14.
Kb1 b5 15. e5 dxe5 16. Nb3 Qc7 17. g3 Bxf5 18. Bg2 Rc8 19. a3 Bh6 20. Rhf1 Be6 21. Rfe1 Kf8 22. Qxe5 Qxe5 23. Rxe5 Kg7 24. Bb7 Rcd8 25.
Rxd8 Rxd8 26. Bxa6 Kg6 27. Bxb5 Nd5 28. Nxd5 Rxd5 29.
Bd3+ Kf6 30. Re2 Re5 31. Rf2+ Kg7 32. Nd4 Re1# 0-1

[Event "*** Titled Tuesday Blitz"]
[Site "Chess.com"]
[Date "2020.05.19"]
[Round "3"]
[White "MarcoRiehle"]
[Black "joppie2"]
[Result "1-0"]
[WhiteElo "2646"]
[BlackElo "2895"]
[TimeControl "180+1"]
[EndTime "12:28:13 PDT"]
[Termination "MarcoRiehle won by resignation"]

1. e4 c6 2. c4 d5 3. cxd5 cxd5 4. exd5 Nf6 5. Nc3 Nxd5 6. Nf3 Nc6 7. Bb5 g6 8. Qa4 Nb6 9. Bxc6+ bxc6 10. Qxc6+ Bd7 11. Qe4 Bg7 12. d4 Rc8 13. O-O Bc6 14. Qe2 O-O 15. Rd1 Nd5 16. Bg5 h6 17. Bh4 Re8 18. Rac1 Ba8 19.
Bg3 Qa5 20. Nxd5 Bxd5 21. a3 e6 22. Be5 Bxf3 23. gxf3 Qb6 24. Bxg7 Kxg7 25. Rxc8 Rxc8 26. d5 exd5 27. Rxd5 Rc6 28. Kg2 h5 29. Qe5+ Rf6 30. b4 Qa6 31. Ra5 Qc6 32. Qe4 Qc7 33.
Qd4 Qc6 34. Qe4 Qb6 35. Rd5 Kh7 36. Rd7 Kg7 37. a4 a6 38. a5 Qb5 39. Rd5 Qc6 40. Re5 Qd6 41. Re7 Rf5 42. Rb7 Rg5+ 43. Kh3 Re5 44. Qf4 Qe6+ 45. Kg2 Rf5 46. Qd4+ Kh7 47.
Rb8 Rg5+ 48. Kf1 f6 49. Qa7+ 1-0

[Event "*** Titled Tuesday Blitz"]
[Site "Chess.com"]
[Date "2020.05.19"]
[Round "3"]
[White "Zhuu96"]
[Black "Roman_Ovetchkin"]
[Result "0-1"]
[WhiteElo "2852"]
[BlackElo "2633"]
[TimeControl "180+1"]
[EndTime "12:28:14 PDT"]
[Termination "Roman_Ovetchkin won by resignation"]

1. d4 Nf6 2. c4 g6 3. Nc3 Bg7 4. e4 d6 5. Be2 O-O 6. Bg5 Na6 7. Qd2 c6 8. Nf3 e5 9. d5 Nc5 10. Qc2 a5 11. Rd1 Qc7 12. O-O Nh5 13. Be3 Nf4 14.
Bxc5 dxc5 15. d6 Qd8 16. Na4 Ne6 17. Qb3 Nd4 18. Nxd4 exd4 19. Nxc5 Qxd6 20. Nd3 a4 21. Qc2 c5 22. f4 b6 23. e5 Qd8 24. Bf3 Ra7 25. b4 axb3 26. axb3 Bf5 27. g4 Bxd3 28. Rxd3 g5 29. Bd5 gxf4 30. Rh3 h6 31. Rxf4 Re7 32.
Qg6 Qxd5 33. Qxg7+ Kxg7 34. cxd5 Rxe5 35. Rf6 Kxf6 0-1

[Event "*** Titled Tuesday Blitz"]
[Site "Chess.com"]
[Date "2020.05.19"]
[Round "3"]
[White "Herracek"]
[Black "Dr-Bassem"]
[Result "0-1"]
[WhiteElo "2554"]
[BlackElo "2796"]
[TimeControl "180+1"]
[EndTime "12:28:14 PDT"]
[Termination "Dr-Bassem won by resignation"]

1. c4 f5 2. e4 fxe4 3. d3 Nf6 4. g4 g6 5. g5 Nh5 6. Nc3 exd3 7. Bxd3 Nc6 8.
Nge2 Bg7 9. Ng3 Nxg3 10. hxg3 Ne5 11. Be4 d6 12. f4 Bg4 13. Qa4+ Bd7 14. Qc2 Nf7 15. Bxb7 Rb8 16. Be4 c6 17. Be3 Qa5 18. Rc1 d5 19. cxd5 cxd5 20. Bxd5 Bxc3+ 21. Qxc3 Qxd5 22. O-O Rc8 23. Qg7 Bc6 24. Rxc6 Rxc6 25. Bxa7 Rc2 26. Bf2 Kd7 27. a4 Rb8 28. Rb1 Rb3 29. Kf1 Qh1+ 0-1

[Event "*** Titled Tuesday Blitz"]
[Site "Chess.com"]
[Date "2020.05.19"]
[Round "3"]
[White "Omk124"]
[Black "DenisQ"]
[Result "1-0"]
[WhiteElo "2381"]
[BlackElo "2543"]
[TimeControl "180+1"]
[EndTime "12:28:14 PDT"]
[Termination "Omk124 won by resignation"]

1. e4 c6 2. c4 d5 3. exd5 cxd5 4. cxd5 Nf6 5. Nc3 Nxd5 6. Nf3 Nc6 7. Bb5 e6 8. O-O Be7 9. d4 O-O 10. Re1 Nf6 11.
Bd3 b6 12. Bg5 Bb7 13. Rc1 Rc8 14. Bb1 Re8 15. a3 Na5 16. Qd3 g6 17. Ne5 Nc6 18.
Rcd1 Nxe5 19. dxe5 Qxd3 20. Rxd3 Nd5 21. Bxe7 Rxe7 22.
Ne4 Rec7 23. Nd6 Rc1 24. Rdd1 Rxd1 25. Rxd1 Rc7 26. Nxb7 Rxb7 27. Be4 Rc7 28. g3 Rd7 29. Bxd5 exd5 30. f4 Kf8 31. Kf2 Ke7 32. Ke3 Ke6 33. Rc1 d4+ 34. Kd3 g5 35. Rc6+ Kd5 36. Rh6 gxf4 37.
gxf4 f5 38. Rf6 Rg7 39. b4 1-0

[Event "*** Titled Tuesday Blitz"]
[Site "Chess.com"]
[Date "2020.05.19"]
[Round "3"]
[White "szefru"]
[Black "marcodobrikov"]
[Result "0-1"]
[WhiteElo "2153"]
[BlackElo "2472"]
[TimeControl "180+1"]
[EndTime "12:28:14 PDT"]
[Termination "marcodobrikov won by resignation"]

1. e4 c5 2. Nf3 d6 3. d4 cxd4 4.
Qxd4 Nf6 5. Nc3 a6 6. Bg5 Nc6 7. Qe3 e6 8. O-O-O Qa5 9. Kb1 Be7 10. h4 h6 11. Bf4 e5 12. Bh2 Be6 13. Nd2 b5 14. Nb3 Qc7 15. f3 O-O 16. g4 Qa7 17. Qd2 Bxb3 18. cxb3 Nd4 19. Bg2 b4 20.
Ne2 Nxe2 21. Qxe2 a5 22. Bg1 Qd7 23. g5 hxg5 24. hxg5 Nh7 25. Bh3 Qc6 26. g6 Ng5 27. Bf5 fxg6 28. Bxg6 Rxf3 29. Be3 Rxe3 30. Qxe3 d5 31.
exd5 Qxg6+ 32. Qd3 Qxd3+ 33. Rxd3 Rd8 34. Rhd1 Bd6 35.
Rc1 e4 36. Rdd1 Nf3 37. Rc6 e3 38. Kc2 e2 0-1

[Event "*** Titled Tuesday Blitz"]
[Site "Chess.com"]
[Date "2020.05.19"]
[Round "3"]
[White "Szczor"]
[Black "grunbergmihai"]
[Result "1-0"]
[WhiteElo "2635"]
[BlackElo "2400"]
[TimeControl "180+1"]
[EndTime "12:28:15 PDT"]
[Termination "Szczor won by resignation"]

1. d4 Nf6 2. c4 g6 3. Nc3 d5 4. Nf3 Bg7 5. Qb3 dxc4 6. Qxc4 O-O 7. e4 c6 8. Be2 Be6 9. Qa4 Nbd7 10. O-O Nb6 11. Qc2 Bc4 12. Rd1 Qc7 13. Bxc4 Nxc4 14. e5 Nd7 15. Bg5 f6 16. exf6 exf6 17.
Bh4 Kh8 18. d5 Nde5 19. Nxe5 Nxe5 20. Bg3 cxd5 21. Rxd5 Rfe8 22. Rad1 Qc6 23. Bxe5 Rxe5 24.
Rxe5 fxe5 25. Qe4 Qb6 26. b3 Rf8 27. Qe2 h5 28. Ne4 Rd8 29. Rxd8+ Qxd8 30. h3 Qd4 31. Kh2 Bh6 32. g3 h4 33. gxh4 Bf4+ 34. Kg2 Kg7 35. Qf3 b6 36. Ng5 Bxg5 37. hxg5 e4 38. Qf4 Qd5 39. Qc7+ Kg8 40. Qb8+ Kf7 41. Qxa7+ Kg8 42. Qb8+ Kf7 43. Qc7+ Kg8 44. Qc4 1-0

[Event "*** Titled Tuesday Blitz"]
[Site "Chess.com"]
[Date "2020.05.19"]
[Round "3"]
[White "PotapovaM"]
[Black "Baby_Legs"]
[Result "0-1"]
[WhiteElo "2431"]
[BlackElo "2706"]
[TimeControl "180+1"]
[EndTime "12:28:15 PDT"]
[Termination "Baby_Legs won by resignation"]

1. d4 d5 2. c4 e6 3. Nf3 Nf6 4. Nc3 a6 5. cxd5 exd5 6. Bg5 Be6 7.
Bxf6 Qxf6 8. Qb3 Ra7 9. g3 Qd8 10. Bg2 Be7 11. O-O O-O 12. Qc2 c6 13. a3 a5 14. e4 dxe4 15. Nxe4 Nd7 16. Rad1 a4 17. Nc5 Nxc5 18. dxc5 Qa5 19. Rc1 Rd8 20. Rfe1 Bf6 21.
Rcd1 Raa8 22. Qc1 Bb3 23. Rxd8+ Rxd8 24. Qe3 h6 25. h4 Bxb2 26. Qe7 Bf6 27. Qe3 Qc3 28. Qe4 Qxc5 29. Nh2 Qd4 30. Qe2 Qd2 31. Qe4 Qxe1+ 32. Qxe1 Rd1 33. Qxd1 Bxd1 34. Nf3 Bb2 35. Nd2 Bxa3 36. Nc4 Bc5 37. Be4 a3 38. Bb1 Bb3 39. Nd2 Bd5 0-1

[Event "*** Titled Tuesday Blitz"]
[Site "Chess.com"]
[Date "2020.05.19"]
[Round "3"]
[White "2007checkmate"]
[Black "Love_craft"]
[Result "1-0"]
[WhiteElo "2407"]
[BlackElo "2552"]
[TimeControl "180+1"]
[EndTime "12:28:15 PDT"]
[Termination "2007checkmate won on time"]

1. Nc3 d5 2. d4 Nf6 3. Bf4 c6 4. f3 b5 5. e3 Nbd7 6. Bd3 e6 7. Nge2 Nh5 8. e4 Nxf4 9. Nxf4 b4 10. Nce2 Be7 11. Qd2 a5 12. O-O O-O 13. Rae1 Bg5 14.
Qd1 Qb6 15. exd5 Bxf4 16. dxc6 Be3+ 17. Kh1 Nf6 18. f4 Qxc6 19. Rf3 Ng4 20. Ref1 Bb7 21. Ng3 Bxd4 22. Be4 Qb6 23. Bxb7 Rab8 24. Be4 Nf2+ 25. R3xf2 Bxf2 26. Bxh7+ Kxh7 27. Qh5+ Kg8 28. Ne4 f6 29. Rxf2 Qb5 30. f5 Qd5 31. Ng3 1-0

[Event "*** Titled Tuesday Blitz"]
[Site "Chess.com"]
[Date "2020.05.19"]
[Round "3"]
[White "IMJonathanCarlstedt"]
[Black "Abdodi"]
[Result "1-0"]
[WhiteElo "2472"]
[BlackElo "2154"]
[TimeControl "180+1"]
[EndTime "12:28:15 PDT"]
[Termination "IMJonathanCarlstedt won by resignation"]

1. d4 f5 2. Bg5 d5 3. h4 c5 4. e3 Qb6 5. Nc3 e6 6. a3 Nc6 7. Nf3 Bd7 8. Be2 Be7 9. O-O Nf6 10. Na4 Qc7 11. Nxc5 Bxc5 12. dxc5 h6 13. Bf4 e5 14. Nxe5 Nxe5 15. Qd4 O-O 16. Bxe5 Qc6 17. b4 Rae8 18. c4 dxc4 19. Bxc4+ Kh7 20. Rad1 Be6 21. Bxe6 Rxe6 22. Bxf6 Rexf6 23. Qd7 Qe4 24. Rd4 Qc2 25. Qxb7 Rg6 26. h5 Rg5 27. c6 f4 28.
exf4 Rxh5 29. c7 Qf5 30. Qe4 Rc8 31. Rc1 Qxe4 32. Rxe4 Rd5 33. Rec4 Kg6 34. a4 Kf7 35. b5 Ke7 36. Rc5 Rd4 37. a5 Rxf4 38. b6 axb6 39. axb6 Rb4 40. Rc6 Rb2 41. g3 g5 42. Rxh6 g4 43.
Rh7+ Kd6 44. Rd1+ Kc5 45. Rd8 1-0

[Event "*** Titled Tuesday Blitz"]
[Site "Chess.com"]
[Date "2020.05.19"]
[Round "3"]
[White "Alopekos"]
[Black "damayito"]
[Result "1-0"]
[WhiteElo "2461"]
[BlackElo "1615"]
[TimeControl "180+1"]
[EndTime "12:28:15 PDT"]
[Termination "Alopekos won by checkmate"]

1. e4 e6 2. d4 d5 3. Nc3 Nf6 4. e5 Nfd7 5. Qg4 c5 6. dxc5 Nxc5 7. Nf3 Nbd7 8. Nb5 Qa5+ 9. b4 Qb6 10. bxc5 Nxc5 11.
Nd6+ Bxd6 12. Qxg7 Rf8 13. exd6 Qxd6 14. Bh6 Ne4 15. Bb5+ Bd7 16. Qxf8+ Qxf8 17. Bxd7+ Kxd7 18. Bxf8 Rxf8 19. Nd2 Nd6 20. O-O-O Rc8 21. Kb2 a5 22. a4 b5 23. axb5 Nxb5 24. Ra1 Rb8 25. Rxa5 Nd4+ 26.
Kc3 Ne2+ 27. Kd3 Nf4+ 28. Ke3 Nxg2+ 29. Kf3 Nh4+ 30. Ke2 Ke7 31. Rb1 Rc8 32. Ra7+ Kf6 33. Kd3 Ng2 34. Rbb7 Rf8 35. c4 Nf4+ 36. Ke3 Ke5 37.
Nf3+ Kf5 38. Rxf7+ Rxf7 39. Rxf7+ Kg6 40. Rxf4 dxc4 41. Ne5+ Kg5 42. h4+ Kh5 43. Nxc4 e5 44. Nxe5 h6 45. Nf3 Kg6 46. Ke4 Kg7 47. Kf5 Kh7 48.
Kf6 h5 49. Rf5 Kh6 50. Re5 Kh7 51. Rxh5+ Kg8 52. Rg5+ Kf8 53. Ne5 Ke8 54. Rg8# 1-0

[Event "*** Titled Tuesday Blitz"]
[Site "Chess.com"]
[Date "2020.05.19"]
[Round "3"]
[White "hansen"]
[Black "FMJoseHerrera"]
[Result "1-0"]
[WhiteElo "2965"]
[BlackElo "2645"]
[TimeControl "180+1"]
[EndTime "12:28:16 PDT"]
[Termination "hansen won on time"]

1. e4 c5 2. Nf3 e6 3. g3 b6 4.
Bg2 Bb7 5. Nc3 a6 6. O-O Qc7 7. Re1 d6 8. d4 cxd4 9. Nxd4 Be7 10. g4 Nd7 11. g5 g6 12. f4 h6 13. h4 hxg5 14.
hxg5 O-O-O 15. Qg4 Kb8 16. Be3 e5 17. Nde2 f5 18. exf5 gxf5 19. Qg3 Nh6 20. Nd5 Bxd5 21. Bxd5 Ng4 22. c4 Rh5 23. Kg2 Rh2+ 24. Qxh2 Nxh2 25. Kxh2 exf4 26. Bxf4 Ne5 27. Nd4 Rh8+ 28. Kg3 Qc5 29. Rad1 Kc7 30. Ne6+ Kb8 31. Nxc5 bxc5 32. Rxe5 dxe5 33.
Bxe5+ 1-0

[Event "*** Titled Tuesday Blitz"]
[Site "Chess.com"]
[Date "2020.05.19"]
[Round "3"]
[White "froylanajedrez"]
[Black "vpantev"]
[Result "0-1"]
[WhiteElo "2353"]
[BlackElo "2554"]
[TimeControl "180+1"]
[EndTime "12:28:16 PDT"]
[Termination "vpantev won by checkmate"]

1. d4 d6 2. Nf3 Bg4 3. Nbd2 Nd7 4. g3 c6 5. Bg2 Ngf6 6. h3 Bxf3 7. Nxf3 e6 8. O-O d5 9. c4 Bd6 10. Qb3 Qb6 11.
c5 Qxb3 12. axb3 Bc7 13. b4 a6 14. Bf4 Bxf4 15. gxf4 h6 16. Ne5 Nxe5 17. fxe5 Ng8 18.
e4 dxe4 19. Bxe4 O-O-O 20. Rfd1 Ne7 21. Ra3 Rd7 22. Rad3 Rhd8 23. Kg2 Rg8 24. Rf3 f5 25. exf6 gxf6+ 26. Rg3 Rdd8 27. Rd3 Kd7 28. Rxg8 Rxg8+ 29.
Rg3 Ke8 30. h4 Kf7 31. h5 Rg5 32. Rxg5 hxg5 33. Kg3 f5 34. Bg2 Kf6 35. f4 Ng8 36.
Bf3 g4 37. Bg2 Kg7 38. Kh4 Kh6 39. b5 axb5 40. b4 Nf6 41. Bf1 Nxh5 42. Bd3 Nxf4 43. Bc2 Ng6+ 44. Kg3 Kg5 45. Bb3 Nf4 46. Ba2 Ne2+ 47.
Kf2 Nxd4 48. Ke3 e5 49. Bf7 g3 50. Kd2 g2 51. Ke1 g1=Q+ 52. Kd2 Qf2+ 53. Kc3 Qc2# 0-1

[Event "*** Titled Tuesday Blitz"]
[Site "Chess.com"]
[Date "2020.05.19"]
[Round "3"]
[White "BabyBoss31"]
[Black "SCIM"]
[Result "1-0"]
[WhiteElo "2345"]
[BlackElo "2528"]
[TimeControl "180+1"]
[EndTime "12:28:16 PDT"]
[Termination "BabyBoss31 won by checkmate"]

1. d4 Nf6 2. c4 g6 3. Nc3 d5 4. cxd5 Nxd5 5. e4 Nxc3 6. bxc3 Bg7 7. Bc4 c5 8. Ne2 O-O 9. Be3 Nc6 10. O-O b6 11. dxc5 Qc7 12. Nd4 Ne5 13. Nb5 Qb8 14. Bd5 Ng4 15. g3 Nxe3 16. fxe3 bxc5 17. Bxa8 Qxa8 18.
Qd5 Bb7 19. Qxc5 Bxe4 20. Qxe7 Bd3 21. Nc7 Qc6 22. Rf2 Bc4 23. Rd1 h5 24. Rd7 h4 25.
Ne8 Bxc3 26. Nd6 Bb4 27. Rd8 Rxd8 28. Qxd8+ Kg7 29. Ne8+ Kf8 30. Nf6+ Kg7 31. Qg8+ Kh6 32. Qh8+ Kg5 33. Qxh4# 1-0

[Event "*** Titled Tuesday Blitz"]
[Site "Chess.com"]
[Date "2020.05.19"]
[Round "3"]
[White "VaKukl"]
[Black "Unknown_IM"]
[Result "1/2-1/2"]
[WhiteElo "2360"]
[BlackElo "2544"]
[TimeControl "180+1"]
[EndTime "12:28:18 PDT"]
[Termination "Game drawn by repetition"]

1. e4 c5 2. Nc3 Nc6 3. g3 g6 4.
Bg2 Bg7 5. d3 d6 6. Be3 e6 7.
Qd2 Rb8 8. Nge2 b5 9. O-O Nge7 10.
Bh6 O-O 11. Bxg7 Kxg7 12. d4 b4 13. Nd1 e5 14. c3 bxc3 15. bxc3 Qa5 16. dxc5 Qxc5 17.
Ne3 Be6 18. Rfd1 Rfd8 19. f4 Bg4 20. Rac1 Na5 21. Kh1 Nc4 22. Nxc4 Qxc4 23. Re1 Nc6 24. f5 Na5 25. h3 Bxe2 26. Rxe2 f6 27. Rf2 Qc5 28.
fxg6 hxg6 29. Rcf1 Nc4 30. Qd1 Ne3 31. Qf3 Rf8 32. Re1 Nxg2 33. Kxg2 f5 34. Qe3 Qc6 35. Kg1 fxe4 36. Qxa7+ Rb7 37. Qe3 Rxf2 38. Kxf2 Rb2+ 39.
Re2 Rxe2+ 40. Qxe2 Qxc3 41. Qxe4 Qb2+ 42. Qe2 Qd4+ 43.
Qe3 Qb2+ 44. Qe2 Qd4+ 45. Qe3 Qb2+ 46. Qe2 1/2-1/2

[Event "*** Titled Tuesday Blitz"]
[Site "Chess.com"]
[Date "2020.05.19"]
[Round "3"]
[White "nabukatnezarr"]
[Black "Perecke"]
[Result "1-0"]
[WhiteElo "2509"]
[BlackElo "2269"]
[TimeControl "180+1"]
[EndTime "12:28:18 PDT"]
[Termination "nabukatnezarr won by resignation"]

1. Nf3 d5 2. g3 c6 3. c4 Bg4 4. Bg2 e6 5. O-O Bd6 6. b3 Ne7 7. Bb2 O-O 8. d4 Nd7 9. Nbd2 Nf6 10.
Ne5 Bf5 11. Re1 Ne4 12. Nxe4 Bxe4 13. Bh3 Bf5 14. Bg2 Be4 15. Bf1 f6 16. Nf3 Qc7 17.
Nd2 Bg6 18. e4 Rfe8 19. Rc1 Bb4 20. e5 fxe5 21. a3 Bxd2 22. Qxd2 e4 23. f3 Rf8 24.
fxe4 Bxe4 25. Bh3 Nf5 26. Re2 Nxg3 27. hxg3 Qxg3+ 28. Bg2 Bxg2 29. Rxg2 Qxb3 30. Qc3 Qxc3 31. Rxc3 Rf4 32. Re3 Kf7 33. Rf2 Rxf2 34. Kxf2 dxc4 35. Re5 b5 36. Rc5 Rc8 37. Bc3 Ke7 38. Rh5 h6 39.
Ke3 Rf8 40. Bb4+ 1-0

[Event "*** Titled Tuesday Blitz"]
[Site "Chess.com"]
[Date "2020.05.19"]
[Round "3"]
[White "SlavenPastar"]
[Black "olksuna"]
[Result "0-1"]
[WhiteElo "2385"]
[BlackElo "2584"]
[TimeControl "180+1"]
[EndTime "12:28:19 PDT"]
[Termination "olksuna won on time"]

1. d4 Nf6 2. c4 g6 3. Nc3 d5 4.
e3 Bg7 5. Nf3 O-O 6. Qb3 e6 7.
Be2 b6 8. O-O Bb7 9. cxd5 exd5 10. Qc2 Nbd7 11. b4 c5 12. bxc5 bxc5 13. Rb1 Qc8 14. dxc5 Re8 15. Ba3 Nxc5 16. Nb5 Nce4 17. Qxc8 Rexc8 18. Nbd4 Rab8 19. Rfc1 Nc3 20. Bd6 Nxe2+ 21.
Nxe2 Rxc1+ 22. Nxc1 Rc8 23. Nd3 Ba6 24. Nde5 Ne4 25. Ba3 Nc3 26. Re1 Nxa2 27. Nd7 Nc3 28. Nc5 Bc4 29. Nd4 Bf8 30. Bb2 Ne4 31. Ncb3 Rb8 32. f3 Nd6 0-1

[Event "*** Titled Tuesday Blitz"]
[Site "Chess.com"]
[Date "2020.05.19"]
[Round "3"]
[White "martabartel"]
[Black "MikeSailer"]
[Result "1-0"]
[WhiteElo "2315"]
[BlackElo "2064"]
[TimeControl "180+1"]
[EndTime "12:28:19 PDT"]
[Termination "martabartel won on time"]

1. d4 d5 2. c4 Bf5 3. Nc3 e6 4. Nf3 Nc6 5. Bf4 Nf6 6. e3 Bb4 7. Rc1 O-O 8. a3 Bxc3+ 9. Rxc3 Ne4 10. Rc1 h6 11. h3 a6 12. Be2 dxc4 13. Bxc4 Ne7 14.
O-O Nd5 15. Bxd5 Qxd5 16. Bxc7 Ng5 17. Nxg5 hxg5 18. Rc5 Qd7 19. Qh5 f6 20. Rfc1 Be4 21.
h4 gxh4 22. Qxh4 Bc6 23. Bg3 Kf7 24. Qh5+ Ke7 25. Qg6 Kd8 26. e4 Rh8 27. d5 exd5 28. exd5 Bb5 29. Bc7+ Ke7 30. Qxg7+ Ke8 31. Re1+ 1-0

[Event "*** Titled Tuesday Blitz"]
[Site "Chess.com"]
[Date "2020.05.19"]
[Round "3"]
[White "Klavdia_Nik"]
[Black "Gentle_Emperor"]
[Result "0-1"]
[WhiteElo "2031"]
[BlackElo "2297"]
[TimeControl "180+1"]
[EndTime "12:28:19 PDT"]
[Termination "Gentle_Emperor won on time"]

1. Nf3 d5 2. c4 d4 3. b4 a5 4. b5 g6 5. Bb2 Bg7 6. d3 b6 7. g3 Bb7 8. Bg2 e5 9. O-O Nd7 10. Nbd2 Ngf6 11. Qc2 O-O 12. Ba3 Nc5 13. Nxe5 Bxg2 14.
Kxg2 Re8 15. Ndf3 Qd6 16. Nc6 Nfd7 17. Rad1 Qf6 18. Bc1 h6 19. Bf4 Ne6 20. Be5 Nxe5 21. Ncxe5 g5 22. h3 h5 23. Nc6 g4 24. hxg4 hxg4 25. Nd2 Ng5 26. Nb3 Qd6 27. Ncxd4 Bxd4 28. Nxd4 Qxd4 29. Qd2 Qe5 30. Rde1 Kg7 31. f4 gxf3+ 32.
exf3 Qf6 33. f4 Ne6 34. Re5 Rh8 35. Qe2 Qh6 0-1